 Dungeon Crawl Stone Soup version 0.26.1-11-gd32895ea62 (webtiles) character file.

Game seed: 2850198003447227199

18 Zeld the Sneak (level 2, -3/19 HPs)
             Began as an Octopode Brigand on May 16, 2021.
             Slain by a hound (4 damage)
             ... on level 4 of the Dungeon.
             The game lasted 00:00:38 (595 turns).

Zeld the Sneak (Octopode Brigand)                    Turns: 595, Time: 00:00:39

Health: -3/19      AC:  1    Str: 10    XL:     2   Next: 70%
Magic:  3/3        EV: 13    Int: 13    God:
Gold:   25         SH:  0    Dex: 13    Spells: 3/3 levels left

rFire    . . .     SeeInvis .   a - +2 dagger
rCold    . . .     Faith    .   (no shield)
rNeg     . . .     Spirit   .   (helmet restricted)
rPois    .         Reflect  .   (no amulet)
rElec    .         Harm     .   (no ring)
rCorr    .         Rampage  .   (no ring)
Will     .....                  (no ring)
Stlth    ++++......             (no ring)
HPRegen  0.06/turn              (no ring)
MPRegen  0.08/turn              (no ring)
                                (no ring)
                                (no ring)

@: no status effects
A: almost no armour, stealthy swim, amphibious, 8 rings, constrict 8, camouflage
1, gelatinous body 1
a: no special abilities


You were on level 4 of the Dungeon.
You visited 1 branch of the dungeon, and saw 4 of its levels.

You collected 25 gold pieces.

Inventory:

Hand Weapons
 a - a +2 dagger (weapon)
Missiles
 b - 8 poisoned darts (quivered)
 c - 2 curare-tipped darts
Scrolls
 d - 4 scrolls of remove curse {unknown}
 f - a scroll of immolation {unknown}
 g - a scroll of fog {unknown}
Potions
 e - a potion of brilliance {unknown}
 h - 2 potions of cancellation {unknown}
 i - a potion of degeneration {unknown}


   Skills:
 - Level 2.0 Fighting
 - Level 2.0 Short Blades
 * Level 2.8 Throwing
 - Level 1.0 Dodging
 - Level 5.3 Stealth
 + Level 1.0 Spellcasting


You had 3 spell levels left.
You didn't know any spells.
Your spell library was empty.

Dungeon Overview and Level Annotations

Branches:
Dungeon (4/15)
 Temple: D:4-7

Altars:


Innate Abilities, Weirdness & Mutations

You cannot wear most types of armour.
You are very stealthy in the water. (Stealth+)
You are amphibious.
You can wear up to eight rings at the same time.
You can use your tentacles to constrict eight enemies at once.
Your skin changes colour to match your surroundings (Stealth+).
Your rubbery body absorbs attacks. (AC +1, EV +1)


Message History

You constrict the hound, but do no damage.
The frilled lizard bites you but does no damage.
The hound misses you.
You hit the hound.
The hound is lightly wounded.
You constrict the hound, but do no damage.
The hound barely misses you. The frilled lizard bites you.
You hit the hound.
The hound is moderately wounded.
You constrict the hound. The hound bites you. The frilled lizard bites you.
The hound bites you.
* * * LOW HITPOINT WARNING * * *
Unknown command.
You are too injured to fight recklessly!
You are too injured to fight recklessly!
You release your grip on the hound.
The hound bites you.
* * * LOW HITPOINT WARNING * * *
The hound bites you.
You die...

#..........#..
#.............
.............
..............
#............ .##
#.....##.....
...$##......#....
...#..hhl........
#......@##...##
###..#..#.....## .
######.......## #
..
#..........###..#
#..........##...###
#......##.......#..
###........##..#...
#........#...##..
##....#..## #....


You could see 2 hounds and a frilled lizard.

Vanquished Creatures
  An ooze (D:3)
  A dart slug (D:1)
  2 bats (D:1)
  A giant cockroach (D:1)
  2 goblins
  2 quokkas
  A kobold (D:1)
  2 rats
12 creatures vanquished.

Notes
Turn   | Place    | Note
-------+----------+-------------------------------------------
     0 | D:1      | Zeld the Octopode Brigand began the quest for the Orb.
     0 | D:1      | Reached XP level 1. HP: 14/14 MP: 1/1
   172 | D:1      | Reached XP level 2. HP: 16/19 MP: 2/2
   548 | D:4      | Reached skill level 1 in Spellcasting
   595 | D:4      | Slain by a hound

Illustrated notes

Levels and vault maps discovered:
D:1:      amcnicky_arrival_single_pillar, layout_basic, serial_park_tiny_2,
          minmay_misc_feat_five
D:2:      layout_loops_ring
D:3:      layout_basic, lemuel_round_altar, nicolae_ru_great_annihilating_truth
D:4:      layout_cave_pools, sigmund_edmund_badplayer

Skill      XL: |  1  2 |
---------------+-------+-----
Spellcasting   | 1 |  1.0
Fighting       | |  2.0
Short Blades   | |  2.0
Throwing       | |  2.8
Dodging        | |  1.0
Stealth        | |  5.3

Action                   || total
-------------------------++-------
Melee: Dagger            ||    29
       Constrict         ||     6
       Tentacles         ||     2
Throw: Dart              ||     1
 Stab: Sleeping          ||     3
Armor: Skin              ||     5
Dodge: Dodged            ||    15
